 Dungeon Crawl Stone Soup version 0.28-a0-863-g8cecda6153 (webtiles) character file.

Game seed: 10396871768044185575

127 bande the Covered (level 5, -3/33 HPs)
             Began as a Gargoyle Fighter on Nov 18, 2021.
             Slain by an iron imp (6 damage)
             ... on level 3 of the Dungeon.
             The game lasted 00:04:18 (2759 turns).

bande the Covered (Gargoyle Fighter)                Turns: 2759, Time: 00:04:19

Health: -3/33      AC: 15    Str: 20    XL:     5   Next: 11%
Magic:  5/5        EV:  7    Int:  9    God:
Gold:   115        SH:  4    Dex:  9    Spells: 4/4 levels left

rFire   . . .      SeeInvis .   a - +0 war axe
rCold   . . .      Faith    +   c - +0 buckler
rNeg    + . .      Spirit   .   k - +0 chain mail
rPois   ∞          Reflect  .   (no helmet)
rElec   +          Harm     .   g - +1 cloak {rCorr}
rCorr   +          Rampage  .   (no gloves)
Will    .....                   (no boots)
Stlth   ..........              e - amulet of faith
HPRegen 0.11/turn               (no ring)
MPRegen 0.09/turn               (no ring)

@: brilliant
A: sickness immunity, AC +4, negative energy resistance 1, electricity
resistance, torment resistance 1, petrification resistance
a: no special abilities


You were on level 3 of the Dungeon.
You visited 1 branch of the dungeon, and saw 3 of its levels.

You collected 115 gold pieces.

Inventory:

Hand Weapons
 a - a +0 war axe (weapon)
Armour
 c - a +0 buckler (worn)
 g - a +1 cloak of preservation (worn)
 k - a +0 chain mail (worn)
Jewellery
 e - an amulet of faith (around neck)
Scrolls
 f - a scroll of amnesia
Potions
 b - a potion of cancellation
 d - a potion of might
 i - a potion of curing {unknown}
 j - 2 potions of haste
 l - a potion of attraction {unknown}
 m - a potion of heal wounds {unknown}


   Skills:
 + Level 3.9 Fighting
 + Level 3.4 Axes
 + Level 4.1 Armour
 - Level 0.2 Dodging
 + Level 3.7 Shields


You had 4 spell levels left.
You didn't know any spells.
Your spell library contained the following spells:

 Spells                   Type           Power      Damage    Failure   Level
 Call Canine Familiar     Summ           0%         N/A       100%        3
 Portal Projectile        Hex/Tloc       0%         N/A       100%        3
 Leda's Liquefaction      Hex/Erth       0%         N/A       100%        4


Dungeon Overview and Level Annotations

Branches:
Dungeon (3/15)

Altars:
Ashenzari
Makhleb


Innate Abilities, Weirdness & Mutations

You are immune to sickness and miasma.
Your stone body is resilient. (AC +4)
You are immune to poison.
You resist negative energy. (rN+)
You are resistant to electric shocks. (rElec)
You are resistant to unholy torment.
You are immune to petrification.


Message History

An iron imp is nearby!
No reachable target in view!
No reachable target in view!
No reachable target in view!
An iron imp is nearby!
No reachable target in view!
The iron imp shouts, "Go and return not, thou pribbling fob-snatching yak-dropping!"
You hear a shout!
An iron imp comes into view.
Found a burning altar of Makhleb.
The iron imp hits you.
You barely miss the iron imp.
The iron imp hits you but does no damage.
The iron imp closely misses you.
You slash the iron imp!
The iron imp is severely wounded.
You hit the iron imp. The iron imp hits you. The iron imp hits you!
You hit the iron imp but do no damage.
The iron imp is severely wounded.
You closely miss the iron imp. The iron imp hits you!
* * * LOW HITPOINT WARNING * * *
The iron imp hits you but does no damage.
You closely miss the iron imp.
The iron imp is severely wounded.
You barely miss the iron imp. The iron imp completely misses you.
The iron imp hits you.
* * * LOW HITPOINT WARNING * * *
You hit the iron imp.
The iron imp is severely wounded.
You hit the iron imp.
The iron imp hits you but does no damage. x2
You slash the iron imp!
You kill the iron imp!
You hit the iron imp but do no damage.
The iron imp hits you but does no damage.
You have reached level 5!
It was a potion of brilliance.
You feel clever all of a sudden. The iron imp hits you.
You die...

........
#.............#
........
#......≈......#
........
#....§≈8≈≈....#
........
#...≈≈§.§≈≈...#
..(....
#..≈≈.....≈≈..#
......
#§≈§§§.(...≈≈.#
......
#§§≈..._..
......
#5≈≈...... ....
#.@5...... ....
########## ###
# # # ####.
..... .....


You could see 2 iron imps.

Vanquished Creatures
  An iron imp (D:3)
  A gnoll (D:1)
  3 adders
  A dart slug (D:2)
  5 endoplasms
  2 giant cockroaches
  7 goblins
  6 hobgoblins
  6 jackals
  A quokka (D:2)
  5 ball pythons
  8 bats
  2 frilled lizards
  5 kobolds
  9 rats
62 creatures vanquished.

Notes
Turn   | Place    | Note
-------+----------+-------------------------------------------
     0 | D:1      | bande the Gargoyle Fighter began the quest for the Orb.
     0 | D:1      | Reached XP level 1. HP: 14/14 MP: 1/1
   140 | D:1      | Reached XP level 2. HP: 18/19 MP: 2/2
   704 | D:1      | Reached XP level 3. HP: 20/23 MP: 3/3
  1948 | D:2      | Reached XP level 4. HP: 28/29 MP: 4/4
  2087 | D:2      | Found a faded altar of an unknown god.
  2267 | D:2      | Found a broken altar of Ashenzari.
  2433 | D:3      | Reached skill level 4 in Armour
  2742 | D:3      | Found a burning altar of Makhleb.
  2759 | D:3      | Reached XP level 5. HP: 3/33 MP: 5/5
  2759 | D:3      | Slain by an iron imp

Illustrated notes

Levels and vault maps discovered:
D:1:      nagdon_arrival_zigzag_paths, layout_basic
D:2:      layout_rooms, basic_altar, hellmonk_ecumenical_altar_lost_god
D:3:      layout_basic, demons_altar, lemuel_flame_loot_1

Skill      XL: |  1  2  3  4 |
---------------+-------------+-----
Axes           | 2 3 |  3.4
Armour         | 4 |  4.1
Fighting       | |  3.9
Dodging        | |  0.2
Shields        | |  3.7

Action                   |  1- 3 |  4- 6 || total
-------------------------+-------+-------++-------
Melee: War axe           |   109 |    71 ||   180
  Use: Scroll            |     2 |     3 ||     5
       Potion            |       |     1 ||     1
Armor: Scale mail        |    64 |       ||    64
       Chain mail        |    28 |    53 ||    81
       Skin              |     2 |       ||     2
Dodge: Dodged            |    68 |    33 ||   101
Block: Buckler           |    36 |     7 ||    43

Table legend: (Time is in decaauts)
 A = Elapsed time spent in this place.
 B = Non-inter-level travel time spent in this place.
 C = Inter-level travel time spent in this place.
 D = Time resting spent in this place.
 E = Time spent auto-exploring this place.
 F = Levels seen in this place.
 G = Mean time per level.
                   A        B        C        D        E       F      G
               +--------+--------+--------+--------+--------+-----+--------+
         Total |   2828 |   2828 |      0 |    627 |   1638 |   3 |  942.7 |
       Dungeon |   2828 |   2828 |      0 |    627 |   1638 |   3 |  942.7 |
               +--------+--------+--------+--------+--------+-----+--------+

Top non-repeatable levels by time:
     D:1: 1423 daAuts
     D:2: 995 daAuts
     D:3: 409 daAuts
